 Dungeon Crawl Stone Soup version 0.31.0-12-g77e489cdc1 (webtiles) character file.

Game seed: 10559139218936804039

429 awry the Chopper (level 6, -4/56 HPs)
             Began as a Minotaur Berserker on Feb 21, 2024.
             Was a Priest of Trog.
             Slain by an orc priest
             ... wielding a +0 flail
              (7 damage)
             ... on level 3 of the Dungeon.
             The game lasted 00:05:24 (2198 turns).

awry the Chopper (Minotaur Berserker)               Turns: 2198, Time: 00:05:25

Health: -4/56      AC:  7    Str: 21    XL:     6   Next: 66%
Magic:  5/5        EV: 10    Int:  6    God:    Trog [***...]
Gold:   39         SH:  0    Dex: 10    Spells: 5/5 levels left

rFire   . . .        a - +0 hand axe
rCold   . . .        (no shield)
rNeg    . . .        c - +0 scale mail
rPois   .            (helmet restricted)
rElec   .            (no cloak)
rCorr   .            (no gloves)
SInv    .            (no boots)
Will    .....        e - amulet of the acrobat Stlth
                     (no ring)
HPRegen 0.29/turn    (no ring)
MPRegen 0.09/turn

%: acrobat
@: no status effects
A: horns 2, retaliatory headbutt
a: Renounce Religion, Berserk, Trog's Hand


You were on level 3 of the Dungeon.
You worshipped Trog.
Trog was most pleased with you.
You visited 1 branch of the dungeon, and saw 3 of its levels.
You also visited: Sewer.

You collected 39 gold pieces.

Inventory:

Hand Weapons
 a - a +0 hand axe (weapon)
Armour
 b - a +0 animal skin
 c - a +0 scale mail (worn)
Jewellery
 e - an amulet of the acrobat (around neck)
 k - an amulet of faith
Wands
 h - a wand of polymorph (5)
Scrolls
 f - 4 scrolls of identify
 i - a scroll of immolation {unknown}
 m - a scroll of enchant armour {unknown}
 n - a scroll of fog {unknown}
 q - a scroll of teleportation {unknown}
 r - a scroll of enchant weapon {unknown}
 s - a scroll of fear {unknown}
 u - a scroll of blinking {unknown}
 v - a scroll of poison {unknown}
Potions
 d - 2 potions of heal wounds
 g - 2 potions of mutation {unknown}
 j - a potion of berserk rage {unknown}
 l - 2 potions of curing {unknown}
 o - a potion of degeneration {unknown}
 p - a potion of magic {unknown}
 t - a potion of haste {unknown}


   Skills:
 + Level 5.0 Fighting
 + Level 6.2 Axes
 + Level 5.5 Armour
 + Level 3.1 Dodging
 + Level 0.1 Stealth


You had 5 spell levels left.
You didn't know any spells.
Your spell library was empty.

Dungeon Overview and Level Annotations

Branches:
Dungeon (3/15)              Sewer (visited)

Altars:


Innate Abilities, Weirdness & Mutations

You have a pair of horns on your head.
You reflexively headbutt those who attack you in melee.


Message History

The orc priest is lightly wounded.
The orc priest hits you but does no damage.
You closely miss the orc priest. Your headbutt misses the orc priest.
The orc priest is lightly wounded.
The orc priest invokes the aid of Beogh against you.
Beogh smites you!
You hit the orc priest but do no damage.
The orc priest is lightly wounded.
The orc priest barely misses you.
You closely miss the orc priest.
The orc priest is lightly wounded.
The orc priest looks encouraged for a moment.
You hit the orc priest. Your headbutt misses the orc priest.
The orc priest is heavily wounded.
The orc priest hits you with a +0 flail.
You hit the orc priest but do no damage.
The orc priest is heavily wounded.
The orc priest hits you with a +0 flail.
You closely miss the orc priest. Your headbutt misses the orc priest.
The orc priest is heavily wounded.
The orc priest hits you but does no damage.
You hit the orc priest but do no damage.
The orc priest is heavily wounded.
The orc priest hits you with a +0 flail!
* * * LOW HITPOINT WARNING * * *
You hit the orc priest but do no damage.
Your headbutt misses the orc priest.
The orc priest is heavily wounded.
The orc priest calls down the wrath of Beogh upon you.
Beogh smites you!
* * * LOW HITPOINT WARNING * * *
You slash the orc priest!
The orc priest is almost dead.
The orc priest hits you with a +0 flail.
* * * LOW HITPOINT WARNING * * *
As you read the scroll labelled AGUUWI XAORAIM, it crumbles to dust.
It is a scroll of identify.
d - 2 potions of heal wounds The orc priest hits you with a +0 flail!
You die...

###########
#ro@......#
.....o{###.###.##
..?.... ...# #..#
....######.###..#
.>. #......# ..
######.# . #.#
###.# #...#


You could see an orc priest, an orc and a quokka.

Vanquished Creatures
  3 kobold brigands (Sewer)
  Jessica (D:2)
  Natasha (thrice) (D:2)
  3 adders
  2 river rats (Sewer)
  A dart slug (D:1)
  3 ribbon worms
  An orc (D:3)
  7 ball pythons
  A bat (D:2)
  2 endoplasms
  5 giant cockroaches
  3 goblins
  4 hobgoblins
  4 jackals (D:2)
  9 kobolds
  8 quokkas
  3 frilled lizards
  9 rats
72 creatures vanquished.

Notes
Turn   | Place    | Note
-------+----------+-------------------------------------------
     0 | D:1      | awry the Minotaur Berserker began the quest for the Orb.
     0 | D:1      | Reached XP level 1. HP: 19/19 MP: 0/0
   141 | D:1      | Reached skill level 4 in Axes
   176 | D:1      | Reached XP level 2. HP: 27/27 MP: 1/1
   404 | D:1      | Found a faded altar of an unknown god.
   730 | D:2      | Reached XP level 3. HP: 24/33 MP: 2/2
   897 | D:2      | Noticed Natasha
   902 | D:2      | Killed Natasha
   938 | D:2      | Noticed Natasha
   940 | D:2      | Reached ** piety under Trog
   941 | D:2      | Reached XP level 4. HP: 37/41 MP: 3/3
   947 | D:2      | Killed Natasha
   997 | D:2      | Noticed Natasha
  1008 | D:2      | Killed Natasha
  1009 | D:2      | Reached skill level 5 in Axes
  1307 | D:2      | Noticed Jessica
  1315 | D:2      | Killed Jessica
  1316 | D:2      | Reached XP level 5. HP: 38/47 MP: 4/4
  1543 | D:3      | Found a glowing drain.
  1562 | Sewer    | Entered a sewer
  1743 | Sewer    | Reached XP level 6. HP: 39/55 MP: 5/5
  1842 | Sewer    | Reached skill level 5 in Armour
  1874 | Sewer    | Reached skill level 6 in Axes
  1933 | Sewer    | Reached skill level 5 in Fighting
  2185 | D:3      | Reached *** piety under Trog
  2198 | D:3      | Slain by an orc priest

Illustrated notes

Levels and vault maps discovered:
D:1:      minmay_arrival_five_plusses, layout_basic,
          ebering_ecumenical_altar_hall
D:2:      layout_loops_ring, uniq_jessica, uniq_natasha
D:3:      layout_loops_ring, overflow_temple_1_default, gup_sewer_entry_pipe,
          st_stairs_7, nrook_mini_vaults

Skill      XL: |  1  2  3  4  5  6 |
---------------+-------------------+-----
Axes           | 4 5 6 |  6.2
Fighting       | 4 5 |  5.0
Armour         | 3 4 5 |  5.5
Dodging        | 3 |  3.1
Stealth        | |  0.1

Action                     |  1- 3 |  4- 6 || total
---------------------------+-------+-------++-------
  Melee: Hand axe          |    75 |   176 ||   251
         Headbutt          |     9 |    25 ||    34
    Use: Scroll            |       |     1 ||     1
 Armour: Scale mail        |    47 |    87 ||   134
  Dodge: Dodged            |    55 |   106 ||   161
